 Dungeon Crawl Stone Soup: Circus Animals version 1.0-151-g8698411 (webtiles) character file.

15098 ThoseUglyNewHouses the Unseen (level 12, 73/73 HPs)
             Began as a Kobold Assassin on Mar 4, 2016.
             Was a Priest of Pakellas.
             Quit the game on level 4 of the Lair of Beasts.
             The game lasted 01:53:41 (13875 turns).

ThoseUglyNewHouses the Unseen (Kobold Assassin)    Turns: 13875, Time: 01:53:41

Health: 73/73      AC: 11    Str: 11    XL:     12   Next: 53%
Magic:  17/17      EV: 19    Int: 11    God:    Pakellas [***...]
Gold:   400        SH:  9    Dex: 21    Spells: 0 memorised, 11 levels left

rFire  . . .     SeeInvis .     e - +0 dagger (venom)
rCold  . . .     Gourm    .     h - +4 ring mail
rNeg   . . .     Faith    .     q - +2 buckler
rPois  .         Spirit   .     (no helmet)
rElec  .         Dismiss  .     d - +0 cloak
rCorr  .         Reflect  .     g - +0 pair of gloves
SustAt .         Harm     .     (no boots)
MR     +....                    (no amulet)
Stlth  +++++++...               (no ring)
                                k - ring of protection from magic

@: somewhat resistant to hostile enchantments, extremely stealthy
A: carnivore 3, clever 1, clumsy 1, strong 1, evolution 2
a: Quick Charge, Device Surge, Renounce Religion


You were on level 4 of the Lair of Beasts.
You worshipped Pakellas.
Pakellas was most pleased with you.
You were very full.

You visited 3 branches of the dungeon, and saw 13 of its levels.

You collected 455 gold pieces.
You spent 55 gold pieces at shops.

Inventory:

Hand Weapons
 a - a +2 dagger
 b - a +0 blowgun
 e - a +0 dagger of venom (weapon)
 l - a +0 vampiric dagger
Missiles
 s - 13 poisoned needles
Armour
 c - a +0 robe
 d - a +0 cloak (worn)
 g - a +0 pair of gloves (worn)
 h - a +4 ring mail (worn)
 m - a +2 ring mail of cold resistance
 o - a +0 buckler
 q - a +2 buckler (worn)
 r - a +1 robe of fire resistance
 x - a +2 robe
Magical Staves
 n - an uncursed staff of wizardry {unknown}
Rods
 z - a +7 rod of shadows (11/11)
   (Pakellas gifted it to you on level 3 of the Lair of Beasts)
Jewellery
 k - a ring of protection from magic (left hand)
Wands
 f - a wand of iceblast (0/15)
 j - a wand of flame (27/48)
 t - a wand of paralysis (7/24)
 u - a wand of iceblast (2/15)
 v - a wand of polymorph (1/24)
 w - a wand of slowing (33/48)
 y - a wand of lightning (2/15)
Scrolls
 e - a scroll of noise (in hand)
 h - 5 scrolls of remove curse (worn)
 j - 4 scrolls of magic mapping
 t - 2 scrolls of recharging
Potions
 d - a potion of agility (worn)
 f - a potion of curing
 g - 2 potions of magic (worn)
 i - 4 potions of flight
 k - a potion of cancellation (left hand)
 l - 2 potions of berserk rage
 n - a potion of brilliance
 q - a potion of degeneration (worn)
 r - 2 potions of might
 s - a potion of invisibility {unknown}
 v - a potion of haste
 w - a potion of lignification
Books
 i - a book of Air

   Spells                             Type                      Level
   a - Shock                          Conjuration/Air              1
   b - Swiftness                      Charms/Air                   2
   c - Repel Missiles                 Charms/Air                   2
   d - Static Discharge               Conjuration/Air              3
   e - Lightning Bolt                 Conjuration/Air              5
 p - a book of Battle

   Spells                             Type                      Level
   a - Infusion                       Charms                       1
   b - Shroud of Golubria             Charms/Translocation         2
   c - Song of Slaying                Charms                       2
   d - Spectral Weapon                Hexes/Charms                 3
   e - Regeneration                   Charms/Necromancy            3
Comestibles
 a - 4 meat rations
 b - 2 royal jellies


   Skills:
 + Level 7.7 Fighting
 - Level 14.0 Short Blades
 - Level 2.1 Throwing
 - Level 8.0 Dodging
 - Level 15.1 Stealth
 - Level 4.0 Shields
 - Level 7.1 Evocations


You had 11 spell levels left.
You didn't know any spells.

Dungeon Overview and Level Annotations

Branches:
Dungeon (8/15)             Temple (1/1) D:7            Lair (4/8) D:8
  Snake (0/4) Lair:3
  Swamp: Lair:3-6    Shoals: Lair:3-6

Altars:
Cheibriados
Elyvilon
Fedhas
Gozag
Kikubaaqudgha
Makhleb
Okawaru
Pakellas
Qazlal
Ru
Sif Muna
Trog
Vehumet
Xom
Yredelemnul
The Shining One

Shops:
D:5 ([*=!

Portals:
Ice
Cave: Lair:2

Annotations:
D:3 Tiimeh's ghost, amateur DsGl
D:8 1 exclusion
Lair:2 Fannar


Innate Abilities, Weirdness & Mutations

You are small and have problems with some larger weapons.
You are carnivorous and can eat meat at any time.
You rapidly evolve.
Your mind is acute. (Int +2)
You are clumsy. (Dex -2)
Your muscles are strong. (Str +2)


Message History

There is a staircase to the Snake Pit here.
s - 11 poisoned needles (gained 1)
s - 12 poisoned needles (gained 1)
s - 13 poisoned needles (gained 1)
You enter the shallow water.
Moving in this stuff is going to be slow.
You start resting.
All of the chunks of flesh in your inventory have rotted away.
HP restored.
You see here a battleaxe.
Done exploring.
You enter the shallow water.
Moving in this stuff is going to be slow.
There is a stone staircase leading down here.
Welcome back, ThoseUglyNewHouses the Kobold Assassin.
Pakellas says: Progress or perish!
Press ? for a list of commands and other information.
Found a scroll of recharging.
Found an escape hatch in the ceiling.
Found a stone staircase leading up.
Are you sure you want to abandon this character and quit the game? (Confirm with "yes".)

# #. #. #.
#.
##.#.+###
#.....@.#
#.........#
##.......##
#.........
##.......##
........<.
.#.......#
#?......#


There were no monsters in sight!

Vanquished Creatures
  A hydra (Lair:1)
  Erica (Lair:1)
  3 elephants (Lair:2)
  3 spiny frogs (Lair:3)
  A centaur skeleton (D:6)
  A fire drake (Lair:3)
  3 komodo dragons
  Prince Ribbit (D:7)
  Grinder (D:4)
  A two-headed ogre (D:8)
  8 blink frogs (Lair:3)
  Sigmund (D:3)
  A spriggan (D:7)
  A wyvern (Lair:2)
  16 yaks
  A steam dragon (D:8)
  A naga (Lair:3)
  3 wolves (Lair:1)
  4 water moccasins
  A porcupine (Lair:1)
  An orc warrior (D:7)
  3 sky beasts
  3 black bears
  7 ice beasts
  A necrophage (D:8)
  A wasp (Lair:1)
  3 ogres
  4 centaurs
  7 crocodiles
  4 giant frogs
  3 scorpions
  3 wights (D:8)
  3 crimson imps
  A hound (D:4)
  6 orc wizards
  5 orc priests
  2 jellies (D:7)
  3 giant frog skeletons
  10 iguanas
  Natasha (thrice) (D:2)
  A worker ant (D:6)
  11 sheep
  A hound zombie (D:6)
  A gnoll (D:2)
  A howler monkey skeleton (D:8)
  12 adders
  21 river rats
  An ooze (D:4)
  An adder skeleton (D:4)
  An adder zombie (D:5)
  A worm (D:4)
  A dart slug (D:1)
  3 giant geckos
  31 orcs
  10 bats
  3 giant cockroaches
  11 goblins
  3 hobgoblins
  13 jackals
  2 quokkas
  A ball python (D:4)
  2 giant gecko skeletons
  A giant gecko zombie (D:8)
  4 giant newts
  6 kobolds
  5 rats
274 creatures vanquished.

Vanquished Creatures (others)
  2 fungi (Lair:3)
  A plant (Lair:1)
3 creatures vanquished.

Grand Total: 277 creatures vanquished

Notes
Turn   | Place    | Note
--------------------------------------------------------------
     0 | D:1      | ThoseUglyNewHouses the Kobold Assassin began the quest for the Orb.
     0 | D:1      | Reached XP level 1. HP: 12/12 MP: 1/1
   138 | D:1      | Reached XP level 2. HP: 2/17 MP: 2/2
   687 | D:1      | Reached XP level 3. HP: 21/21 MP: 3/3
   882 | D:2      | You fall through a shaft!
   884 | D:3      | Found a basalt altar of Yredelemnul.
  1229 | D:3      | Noticed Tiimeh's ghost (amateur DsGl)
  1474 | D:2      | Noticed Natasha
  1483 | D:2      | Killed Natasha
  1483 | D:2      | Reached skill level 5 in Short Blades
  1483 | D:2      | Reached XP level 4. HP: 26/26 MP: 4/4
  1631 | D:2      | Found an iron altar of Okawaru.
  1780 | D:2      | Noticed Natasha
  1788 | D:2      | Killed Natasha
  1788 | D:2      | Reached skill level 6 in Stealth
  1788 | D:2      | Reached XP level 5. HP: 30/30 MP: 5/5
  1820 | D:2      | Noticed Natasha
  1833 | D:2      | Killed Natasha
  1899 | D:2      | You fall through a shaft!
  1902 | D:3      | Noticed Sigmund
  1913 | D:3      | Reached skill level 7 in Stealth
  1918 | D:3      | Killed Sigmund
  1918 | D:3      | Reached skill level 9 in Stealth
  1918 | D:3      | Reached XP level 6. HP: 30/35 MP: 6/6
  2034 | D:4      | Noticed an ogre
  2580 | D:4      | Reached XP level 7. HP: 36/40 MP: 7/7
  3155 | D:4      | Reached XP level 8. HP: 48/48 MP: 8/8
  3205 | D:4      | Found a white marble altar of Elyvilon.
  3288 | D:4      | Noticed Grinder
  3318 | D:4      | Paralysed by Grinder for 7 turns
  3355 | D:4      | Killed Grinder
  3486 | D:4      | Gained mutation: Scrolls take you a little longer to read. [evolution]
  3527 | D:5      | Entered Level 5 of the Dungeon
  3527 | D:5      | Found Gygufet's Elemental Accessories.
  3573 | D:5      | Found Qixanim's Jewellery Shop.
  3606 | D:5      | Found Ruvaibbu's Distillery.
  3614 | D:5      | Bought a potion of heal wounds for 55 gold pieces
  3786 | D:5      | Found Pejael's Armour Boutique.
  3925 | D:5      | Found Beneh's Weapon Emporium.
  4422 | D:5      | Reached skill level 5 in Fighting
  4442 | D:5      | Reached XP level 9. HP: 23/54 MP: 9/9
  5106 | D:6      | Found a stormy altar of Qazlal.
  5136 | D:6      | Reached skill level 10 in Stealth
  5186 | D:6      | Reached skill level 1 in Shields
  5331 | D:6      | Reached skill level 10 in Short Blades
  5367 | D:6      | Gained mutation: You rapidly evolve. [mutagenic meat]
  5423 | D:6      | Lost mutation: Scrolls take you a little longer to read. [evolution]
  5762 | D:7      | Noticed Prince Ribbit
  5784 | D:7      | Killed Prince Ribbit
  5992 | D:7      | Found a staircase to the Ecumenical Temple.
  6007 | Temple   | Entered the Ecumenical Temple
  6084 | Temple   | Became a worshipper of Pakellas the Inventive
  6855 | Temple   | Reached skill level 1 in Evocations
  6855 | Temple   | Reached XP level 10. HP: 38/59 MP: 10/10
  7791 | D:8      | Reached skill level 5 in Evocations
  7793 | D:8      | Found an ancient bone altar of Kikubaaqudgha.
  8118 | D:8      | Reached * piety under Pakellas
  8414 | D:8      | Gained mutation: Your muscles are strong. (Str +2) [evolution]
  8476 | D:8      | Noticed a komodo dragon
  8559 | D:8      | Killed a komodo dragon
  8716 | D:8      | Found a staircase to the Lair.
  8944 | Lair:1   | Entered Level 1 of the Lair of Beasts
  8989 | Lair:1   | Noticed a komodo dragon
  9011 | Lair:1   | Killed a komodo dragon
  9011 | Lair:1   | Reached skill level 11 in Stealth
  9291 | Lair:1   | Noticed a four-headed hydra
  9295 | Lair:1   | Killed a four-headed hydra
  9295 | Lair:1   | Reached skill level 12 in Stealth
  9295 | Lair:1   | Reached XP level 11. HP: 67/67 MP: 16/16
 10032 | Lair:1   | Noticed Erica
 10077 | Lair:1   | Killed Erica
 10152 | Lair:1   | Reached ** piety under Pakellas
 10152 | Lair:1   | Received a gift from Pakellas
 10471 | Lair:1   | Gained mutation: Your mind is acute. (Int +2) [evolution]
 11171 | Lair:1   | Reached skill level 5 in Dodging
 11354 | Lair:2   | Noticed an elephant
 11354 | Lair:2   | Noticed an elephant
 11354 | Lair:2   | Noticed an elephant
 11356 | Lair:2   | Killed an elephant
 11358 | Lair:2   | Killed an elephant
 11361 | Lair:2   | Killed an elephant
 11517 | Lair:2   | Found a frozen archway.
 11519 | Lair:2   | Noticed Fannar
 11652 | Lair:3   | Reached *** piety under Pakellas
 11652 | Lair:3   | Reached XP level 12. HP: 44/72 MP: 17/17
 11676 | Lair:3   | Reached skill level 13 in Stealth
 11819 | Lair:3   | Found a staircase to the Snake Pit.
 11890 | Lair:3   | Reached skill level 14 in Stealth
 12196 | Lair:3   | Gained mutation: You are clumsy. (Dex -2) [evolution]
 12351 | Lair:3   | HP: 3/72 [poisoned by a spiny frog]
 12359 | Lair:3   | HP: 2/72 [poisoned by a spiny frog]
 12367 | Lair:3   | HP: 2/72 [poisoned by a spiny frog]
 12966 | Lair:3   | Reached skill level 15 in Stealth
 13374 | Lair:3   | Reached **** piety under Pakellas
 13374 | Lair:3   | Received a gift from Pakellas
 13875 | Lair:4   | Quit the game

Skill      XL: |  1  2  3  4  5  6  7  8  9 10 11 12 |
---------------+-------------------------------------+-----
Short Blades   | 3 4 5 6 7 9 11 14 | 14.0
Stealth        | 6 9 10 12 15 | 15.1
Dodging        | 2 4 8 |  8.0
Fighting       | 2 4 5 7 |  7.7
Shields        | 4 |  4.0
Evocations     | 1 7 |  7.1
Throwing       | |  2.1

Action                   |  1- 3 |  4- 6 |  7- 9 | 10-12 || total
-------------------------+-------+-------+-------+-------++-------
Melee: Dagger            |    34 |    61 |   519 |   890 ||  1504
 Fire: Blowgun           |    23 |    52 |    61 |   106 ||   242
Invok: Quick Charge      |       |       |       |     1 ||     1
Evoke: Wand              |       |       |       |    27 ||    27
  Use: Potion            |       |     2 |     2 |     3 ||     7
       Scroll            |       |     1 |    11 |    11 ||    23
 Stab: Sleeping          |     9 |     3 |    21 |    13 ||    46
       Distracted        |     1 |     2 |     1 |     3 ||     7
       Paralysed         |       |       |       |     1 ||     1
  Eat: Chunk             |    10 |     3 |    20 |    24 ||    57
